 Dungeon Crawl Stone Soup version 0.23-a0-582-g1b4a0ca2fb (webtiles) character file.

230 Maize the Chopper (level 5, -1/49 HPs)
             Began as a Deep Dwarf Fighter on Dec 16, 2018.
             Killed by nerve-wracking pain
             ... invoked by an orc priest
              (9 damage)
             ... on level 3 of the Dungeon.
             The game lasted 00:03:43 (1721 turns).

Maize the Chopper (Deep Dwarf Fighter)              Turns: 1721, Time: 00:03:44

Health: -1/49      AC:  7    Str: 21    XL:     5   Next: 72%
Magic:  5/5        EV:  7    Int:  8    God:
Gold:   50         SH:  9    Dex: 12    Spells: 4/4 levels left

rFire    . . .     SeeInvis .   a - +0 war axe
rCold    . . .     Gourm    .   c - +0 shield
rNeg     . . .     Faith    .   b - +0 scale mail
rPois    .         Spirit   .   (no helmet)
rElec    .         Reflect  .   (no cloak)
rCorr    +         Harm     .   (no gloves)
MR       .....                  (no boots)
Stlth    ..........             (no amulet)
HPRegen  0.00/turn              g - ring of resist corrosion
MPRegen  0.09/turn              (no ring)

@: non-regenerating
A: damage resistance, heal wounds, sense surroundings 1, no regeneration
a: Heal Wounds


You were on level 3 of the Dungeon.
You were not hungry.

You visited 1 branch of the dungeon, and saw 3 of its levels.

You collected 50 gold pieces.

Inventory:

Hand Weapons
 a - a +0 war axe (weapon)
Missiles
 j - 3 tomahawks (quivered)
Armour
 b - a +0 scale mail (worn)
 c - a +0 shield (worn)
Jewellery
 g - a ring of resist corrosion (left hand)
Wands
 r - a wand of paralysis (5)
 u - a wand of flame (21)
Scrolls
 e - a scroll of remove curse {unknown}
 h - a scroll of enchant weapon {unknown}
 k - a scroll of fog {unknown}
 m - 3 scrolls of identify {unknown}
 o - a scroll of random uselessness {unknown}
 p - a scroll of amnesia {unknown}
Potions
 d - a potion of might
 i - 2 potions of agility {unknown}
 l - a potion of heal wounds {unknown}
 n - a potion of resistance {unknown}
 q - 3 potions of curing {unknown}
 s - a potion of invisibility {unknown}
 v - a potion of degeneration {unknown}
Comestibles
 f - 6 rations
 t - 2 chunks of flesh


   Skills:
 + Level 3.5 Fighting
 * Level 4.5 Axes
 + Level 4.3 Armour
 + Level 4.3 Shields


You had 4 spell levels left.
You didn't know any spells.
Your spell library was empty.

Dungeon Overview and Level Annotations

Branches:
Dungeon (3/15)

Altars:
Nemelex Xobeh
Okawaru
Uskayaw
Zin
The Shining One

Annotations:
D:3 Jessica


Innate Abilities, Weirdness & Mutations

You are resistant to damage.
You can heal yourself by infusing magical energy.
You passively map a small area around you.
You do not regenerate.


Message History

You block the kobold's attack.
You see here 18 sling bullets.
You slash the kobold!
You kill the kobold!
You closely miss the rat. The rat bites you but does no damage.
You closely miss the rat. You block the rat's attack.
You barely miss the rat. You block the rat's attack.
The rat bites you but does no damage.
You slash the rat!
You kill the rat!
An orc comes into view. It is wielding a -1 dagger.
An orc wizard comes into view. It is wielding a +0 dagger.
An orc priest comes into view. It is wielding a +0 flail.
The orc wizard shouts!
The orc priest miscasts a cantrip.
You slash the orc!
You kill the orc!
The orc priest mumbles some strange prayers to Beogh against you.
Pain shoots through your body!
You die...

*
#.....#<.)........
#.....############
#.......... , *
#....###### * ,
#...[# , , #....#
#....# * *#.?..# *
* * * #..@.# * *
###)## * , ..# , ,
.@.# o...# * , ,
.....# ......#
.......# , ,


You could see an orc priest and Jessica.

Vanquished Creatures
  A crimson imp (D:2)
  Terence (D:3)
  6 gnolls (D:2)
  3 adders
  An ooze (D:1)
  4 worms (D:2)
  2 dart slugs (D:1)
  A leopard gecko (D:2)
  2 orcs
  2 giant cockroaches
  8 hobgoblins
  A quokka (D:2)
  2 ball pythons (D:2)
  9 bats
  6 frilled lizards
  6 goblins (D:2)
  8 kobolds
  10 rats
73 creatures vanquished.

Notes
Turn   | Place    | Note
-------+----------+-------------------------------------------
     0 | D:1      | Maize the Deep Dwarf Fighter began the quest for the Orb.
     0 | D:1      | Reached XP level 1. HP: 20/20 MP: 1/1
    79 | D:1      | Reached XP level 2. HP: 24/27 MP: 2/2
   351 | D:1      | Reached XP level 3. HP: 29/34 MP: 3/3
   682 | D:2      | Reached XP level 4. HP: 36/42 MP: 4/4
   690 | D:2      | Found a glowing silver altar of Zin.
   893 | D:2      | Found a sparkling altar of Nemelex Xobeh.
   929 | D:2      | Reached XP level 5. HP: 16/49 MP: 5/5
  1177 | D:2      | Found a hide-covered altar of Uskayaw.
  1210 | D:2      | Found a glowing golden altar of the Shining One.
  1429 | D:2      | Found an iron altar of Okawaru.
  1687 | D:3      | Noticed Terence
  1702 | D:3      | Killed Terence
  1714 | D:3      | Noticed Jessica
  1721 | D:3      | Killed from afar by an orc priest

Vault maps used:
D:1:      minmay_arrival_hallway
D:2:      lemuel_round_altar, overflow_temple_1_default,
          nicolae_overflow_crystal_walls, overflow_temple_1_default,
          okawaru_altar_gauntlet_db
D:3:      gammafunk_temple_overflow_statue, uniq_terence, uniq_jessica

Skill      XL: |  1  2  3  4 |
---------------+-------------+-----
Fighting       | 3 |  3.5
Axes           | 3 4 |  4.5
Shields        | 4 |  4.3
Armour         | 4 |  4.3

Action                   |  1- 3 |  4- 6 || total
-------------------------+-------+-------++-------
Melee: War axe           |   102 |   107 ||   209
 Abil: Heal Wounds       |       |     1 ||     1
  Eat: Chunk             |       |     3 ||     3
Armor: Scale mail        |    49 |    31 ||    80
Dodge: Dodged            |    32 |    34 ||    66
Block: Shield            |    51 |    59 ||   110

Table legend:
 A = Non-vault XP
 B = Vault XP
 C = Vault XP percentage of total XP
 D = Non-vault monster count
 E = Vault monster count
 F = Vault count percentage of total count
                 A         B        C        D         E       F
            +---------+---------+-------+---------+---------+-------
      Total |     256 |      73 |  22.2 |      66 |       7 |   9.6
            +---------+---------+-------+---------+---------+-------
        D:1 |      47 |       0 |   0.0 |      26 |       0 |   0.0
        D:2 |     189 |      37 |  16.4 |      34 |       6 |  15.0
        D:3 |      20 |      36 |  64.3 |       6 |       1 |  14.3
            +---------+---------+-------+---------+---------+-------
